 Dungeon Crawl Stone Soup version 0.21.1-1-g345015f (webtiles) character file.

574 nicolaieve the Cleaver (level 7, -8/61 HPs)
             Began as a Minotaur Berserker on June 27, 2018.
             Was an Elder of Trog.
             Mangled by Duvessa
             ... wielding a +2 vampiric short sword
              (9 damage)
             ... on level 4 of the Dungeon.
             The game lasted 00:14:28 (3068 turns).

nicolaieve the Cleaver (Minotaur Berserker)         Turns: 3068, Time: 00:14:29

Health: -8/61      AC: 12    Str: 23    XL:     7   Next: 12%
Magic:  6/6        EV:  7    Int:  4    God:    Trog [****..]
Gold:   275        SH:  0    Dex: 10    Spells: 6/6 levels left

rFire    . . .     SeeInvis .   a - +0 hand axe
rCold    . . .     Gourm    .   (no shield)
rNeg     . . .     Faith    .   q - +0 plate armour
rPois    .         Spirit   .   (helmet restricted)
rElec    .         Reflect  .   (no cloak)
rCorr    .         Harm     .   (no gloves)
MR       .....                  (no boots)
Stlth    ..........             (no amulet)
HPRegen  0.20/turn              (no ring)
MPRegen  0.10/turn              (no ring)

@: berserk cooldown, slowed, very slow
A: retaliatory headbutt, horns 2
a: Berserk, Trog's Hand, Brothers in Arms, Burn Spellbooks, Renounce Religion


You were on level 4 of the Dungeon.
You worshipped Trog.
Trog was greatly pleased with you.
You were hungry.

You visited 1 branch of the dungeon, and saw 4 of its levels.
You also visited: Sewer.

You collected 275 gold pieces.

Inventory:

Hand Weapons
 a - a +0 hand axe (weapon)
 f - a +0 mace
 o - a +0 whip
 t - a +0 war axe
 u - a +0 flail
 D - a +0 giant spiked club
Armour
 b - a +0 animal skin
 e - a +0 chain mail
 q - a +0 plate armour (worn)
Jewellery
 k - a +2 ring of dexterity {unknown}
 s - a cursed ring of teleportation {unknown}
Wands
 y - a wand of clouds (7)
 z - a wand of flame (15)
 A - a wand of paralysis (13)
Scrolls
 g - 3 scrolls of fear {unknown}
 h - 2 scrolls of fog {unknown}
 i - a scroll of remove curse {unknown}
 j - 9 scrolls of identify {unknown}
 m - a scroll of enchant weapon {unknown}
 r - 2 scrolls of teleportation {unknown}
 v - a scroll of blinking {unknown}
 w - 2 scrolls of immolation {unknown}
Potions
 d - a potion of heal wounds {unknown}
 l - 6 potions of curing {unknown}
 n - 2 potions of degeneration {unknown}
 p - a potion of mutation {unknown}
 x - 2 potions of invisibility {unknown}
 B - 2 potions of might {unknown}
 E - a potion of berserk rage {unknown}
Comestibles
 c - 6 rations
 C - 2 chunks of flesh


   Skills:
 + Level 5.1 Fighting
 * Level 8.4 Axes
 + Level 4.4 Armour
 - Level 2.1 Dodging


You had 6 spell levels left.
You didn't know any spells.

Dungeon Overview and Level Annotations

Branches:
Dungeon (4/15)
 Temple: D:4-7

Altars:
Ashenzari
Gozag
Makhleb
Ru
Wu Jian

Annotations:
D:4 Duvessa


Innate Abilities, Weirdness & Mutations

You reflexively headbutt those who attack you in melee.
You have a pair of horns on your head.


Message History

You kill Dowan!
Trog accepts your kill.
Trog appreciates your killing of a magic user.
Duvessa screams, "No!
How DARE you!"
Duvessa goes berserk!
You hit Duvessa but do no damage.
Duvessa hits you with a vampiric short sword!
You hit Duvessa but do no damage. You headbutt Duvessa.
Duvessa is moderately wounded.
Duvessa hits you with a vampiric short sword!
* * * LOW HITPOINT WARNING * * *
Duvessa draws strength from your wounds!
Duvessa hits you with a vampiric short sword.
* * * LOW HITPOINT WARNING * * *
Duvessa hits you with a vampiric short sword!
* * * LOW HITPOINT WARNING * * *
You barely miss Duvessa.
Duvessa is lightly wounded.
Duvessa barely misses you. You furiously retaliate!
You headbutt Duvessa.
Duvessa hits you with a vampiric short sword!
You die...

#.....................
#....######.##..######
#....# #.###.## #....#
#.# #..# #....#
#.####.##### #....#
#..........# ####.##
#######.##.# #e.#
#....# ##@# ##.#.. #)#
#.##. #.. ####....
##.# #....##. ..
#.##..## ...
#.....#... ...
#.....#... ....
##...##... #...#....


You could see Duvessa (berserk).

Vanquished Creatures
  An ogre (D:4)
  Dowan (D:4)
  2 orc priests (D:3)
  2 bullfrog skeletons (D:4)
  A worker ant (D:4)
  12 adders
  A river rat (D:3)
  6 oozes (Sewer)
  7 worms
  3 dart slugs
  13 leopard geckos
  5 orcs
  16 ball pythons
  19 giant cockroaches
  5 goblins
  4 hobgoblins
  7 jackals (D:1)
  3 bats
  14 frilled lizards
  A jackal skeleton (D:4)
  6 kobolds
  6 rats
135 creatures vanquished.

Notes
Turn   | Place    | Note
-------+----------+-------------------------------------------
     0 | D:1      | nicolaieve the Minotaur Berserker began the quest for the Orb.
     0 | D:1      | Reached XP level 1. HP: 19/19 MP: 0/0
    46 | D:1      | Reached skill level 4 in Axes
    46 | D:1      | Reached XP level 2. HP: 27/27 MP: 1/1
   843 | D:2      | Reached XP level 3. HP: 25/33 MP: 2/2
  1032 | D:2      | Reached ** piety under Trog
  1040 | D:2      | Reached skill level 5 in Axes
  1137 | D:2      | Reached XP level 4. HP: 25/40 MP: 3/3
  1338 | D:2      | Found a sacrificial altar of Ru.
  1341 | D:2      | Found an opulent altar of Gozag.
  1636 | D:2      | You fall through a shaft!
  1795 | D:3      | Found an ornate altar of the Wu Jian Council.
  1834 | D:3      | Reached skill level 6 in Axes
  1834 | D:3      | Reached XP level 5. HP: 47/47 MP: 4/4
  2004 | D:3      | Found a faded altar of an unknown god.
  2094 | D:3      | Found a glowing drain.
  2098 | D:3      | Reached *** piety under Trog
  2119 | Sewer    | Entered a sewer
  2284 | Sewer    | Reached skill level 7 in Axes
  2325 | Sewer    | Reached XP level 6. HP: 53/53 MP: 5/5
  2328 | Sewer    | Reached **** piety under Trog
  2853 | D:4      | Found a burning altar of Makhleb.
  2898 | D:4      | Found a shattered altar of Ashenzari.
  2969 | D:4      | Reached skill level 5 in Fighting
  2969 | D:4      | Reached skill level 8 in Axes
  2969 | D:4      | Reached XP level 7. HP: 61/61 MP: 6/6
  3045 | D:4      | Noticed Duvessa
  3045 | D:4      | Noticed Dowan
  3066 | D:4      | Killed Dowan
  3067 | D:4      | HP: 1/61 [Duvessa/vampiric short sword (9)]
  3068 | D:4      | Mangled by Duvessa

Skill      XL: |  1  2  3  4  5  6 |
---------------+-------------------+-----
Axes           | 4 5 6 7 8 |  8.4
Fighting       | 4 5 |  5.1
Armour         | 3 4 |  4.4
Dodging        | |  2.1

Action                   |  1- 3 |  4- 6 |  7- 9 || total
-------------------------+-------+-------+-------++-------
Melee: Hand axe          |    86 |   217 |    18 ||   321
       Headbutt          |     6 |    36 |     3 ||    45
Invok: Berserk           |     1 |     3 |     1 ||     5
  Eat: Chunk             |     1 |     8 |     2 ||    11
Armor: Animal skin       |     2 |       |       ||     2
       Chain mail        |    35 |    15 |       ||    50
       Plate armour      |       |   123 |    21 ||   144
Dodge: Dodged            |    22 |    94 |    11 ||   127
